[Event "Team 45 45 League T71"]
[Site "Internet Chess Club"]
[Date "2017.01.08"]
[Round "4"]
[White "Agarnez"]
[Black "alexping"]
[Result "0-1"]
[WhiteElo "1972"]
[BlackElo "1958"]
[Opening "Benoni defense"]
[ECO "A56"]
[Time "12:07:34"]
[TimeControl "2700+45"]

1. d4 Nf6 2. c4 c5 3. d5 g6 4. Nc3 Bg7 5. Nf3 d6 6. g3 a6 7. Bg2 b5 8. cxb5 axb5
9. Nxb5 Qa5+ 10. Nc3 Ne4 11. O-O Nxc3 12. bxc3 Bf5 13. Bd2 Bxc3 14. Re1 Be4 15.
Qc1 Bxd2 16. Nxd2 Bxg2 17. Kxg2 Nd7 18. Nc4 Qc7 19. e4 O-O 20. a4 Nb6 21. Nxb6
Qxb6 22. e5 Qb3 23. Qd2 Rxa4 24. Rxa4 Qxa4 25. Qg5 Qd4 26. Qxe7 Qxd5+ 27. Kg1
dxe5 28. Rxe5 Qd1+ 29. Kg2 c4 30. Qc5 Qg4 31. h3 Qc8 32. Qb4 Qc6+ 33. Kf1 c3 34.
Rc5 Qh1+ 35. Ke2 Re8+ 36. Kd3 Qf3+ 37. Kc2 Re2+ 38. Kc1 Qh1# {White checkmated}
0-1

[Event "Team 45 45 League T71"]
[Site "Internet Chess Club"]
[Date "2017.01.08"]
[Round "4"]
[White "bobhill"]
[Black "roji"]
[Result "0-1"]
[WhiteElo "1859"]
[BlackElo "1934"]
[Opening "Queen's bishop game"]
[ECO "D02"]
[Time "20:04:19"]
[TimeControl "2700+45"]

1. d4 d5 2. Nf3 Nf6 3. Bf4 e6 4. e3 Bd6 5. Bxd6 Qxd6 6. Nbd2 O-O 7. Bd3 Nc6 8.
c3 e5 9. dxe5 Nxe5 10. Nxe5 Qxe5 11. Nf3 Qh5 12. Nd4 Bg4 13. f3 Bd7 14. O-O Rfe8
15. Qd2 c5 16. Ne2 Qe5 17. Kf2 Qxh2 18. Rh1 Qe5 19. Rae1 Bf5 20. Bxf5 Qxf5 21.
Kg1 Qg5 22. Nf4 Rad8 23. Qf2 d4 24. Nh3 Qe5 25. f4 dxe3 26. fxe5 exf2+ 27. Kxf2
Ng4+ 28. Kg3 Nxe5 29. Nf4 Rd2 30. Re4 f6 31. Rhe1 Rxb2 32. Nd3 Rc2 33. Nxe5 Rxe5
34. Rxe5 fxe5 35. Rxe5 Rxc3+ 36. Kh2 b5 37. Re8+ Kf7 38. Rb8 b4 39. Rb7+ Kf6 40.
Rxa7 h5 41. g3 g5 42. Ra6+ Kf5 43. Ra8 Kg4 44. Re8 Rc2+ 45. Kh1 Kxg3 46. Re3+
Kf4 47. Re8 Rxa2 48. Rd8 c4 49. Rf8+ Kg3 50. Rf1 c3 51. Rc1 h4 52. Kg1 g4 53.
Kh1 Rb2 54. Kg1 c2 55. Rf1 Rb1 {White resigns} 0-1

[Event "Team 45 45 League T71"]
[Site "Internet Chess Club"]
[Date "2017.01.07"]
[Round "4"]
[White "ChessRooklift"]
[Black "Beetlejuice"]
[Result "0-1"]
[WhiteElo "1767"]
[BlackElo "1784"]
[Opening "Nimzovich-Larsen attack: classical variation"]
[ECO "A01"]
[Time "14:00:38"]
[TimeControl "2700+45"]

1. b3 d5 2. Bb2 c5 3. e3 Nc6 4. Nf3 Nf6 5. Be2 Qc7 6. Na3 e5 7. d3 Be7 8. O-O
O-O 9. c4 d4 10. e4 g6 11. Bc1 Nh5 12. Bh6 Ng7 13. Ne1 f5 14. exf5 Bxf5 15. Bf3
Rae8 16. Nb1 Nd8 17. Nd2 Nf7 18. Bd5 Kh8 19. Bxg7+ Kxg7 20. Ne4 Ng5 21. Qd2 Ne6
22. Bxe6 Bxe6 23. a3 Bf5 24. Nf3 h6 25. Rfe1 Bg4 26. Qe2 Qc8 27. Ned2 Bg5 28.
Qf1 Bxd2 29. Nxd2 Re7 30. Ne4 b6 31. b4 Qc6 32. bxc5 bxc5 33. h3 Bf5 34. Qe2 Rb8
35. Rab1 Rxb1 36. Rxb1 Bxe4 37. Qxe4 Qxe4 38. dxe4 Kf6 39. Kf1 Kg5 40. g3 h5 41.
a4 Kf6 42. Ke2 Ke6 43. a5 Kd6 44. a6 Kc6 45. h4 Rf7 46. Rb2 Re7 47. Kd3 Kd6 48.
Rb5 Rc7 49. f4 Rc6 50. Ra5 exf4 51. gxf4 Rb6 52. e5+ Kc6 53. Ke4 Rb1 54. Kf3 Rb4
55. Rb5 Rxb5 56. cxb5+ Kxb5 57. f5 gxf5 58. Kf4 Kc6 59. Kxf5 Kd7 60. Kf6 Ke8 61.
Kf5 d3 {White resigns} 0-1

[Event "Team 45 45 League T71"]
[Site "Internet Chess Club"]
[Date "2017.01.14"]
[Round "4"]
[White "Percival"]
[Black "passedpawn"]
[Result "1/2-1/2"]
[WhiteElo "2078"]
[BlackElo "1869"]
[Opening "QGD: exchange, positional line"]
[ECO "D35"]
[Time "21:08:30"]
[TimeControl "2700+45"]

1. d4 Nf6 2. c4 e6 3. Nc3 d5 4. cxd5 exd5 5. Bg5 Be7 6. e3 O-O 7. Bd3 Nbd7 8.
Nf3 c6 9. O-O Re8 10. Qc2 Nf8 11. Rab1 a5 12. a3 Be6 13. Na4 N6d7 14. Bxe7 Qxe7
15. Rfc1 Bg4 16. Nd2 Qg5 17. Nf1 h5 18. Kh1 h4 19. f3 Bh5 20. Qf2 f5 21. f4 Qf6
22. Nd2 Re6 23. Re1 Ng6 24. Be2 Bxe2 25. Rxe2 b5 26. Nc3 Nb6 27. Nf3 b4 28. axb4
axb4 29. Nd1 Nc4 30. Ne5 Ngxe5 31. fxe5 Qg5 32. Qf4 Qh5 33. Qf3 Qxf3 34. gxf3
Ra2 35. Nf2 b3 36. Nd3 Na3 37. Rc1 Nc4 38. Nc5 Rg6 39. Rb1 Na3 40. Rg1 Rxg1+ 41.
Kxg1 Nc4 42. Nxb3 Rxb2 43. Rxb2 Nxb2 44. Na5 Nd1 45. e4 dxe4 46. fxe4 fxe4 47.
Nxc6 Kf7 48. d5 Ne3 49. e6+ Kf6 50. e7 Kf7 51. d6 Ke8 52. Ne5 Nf5 53. Nc4 Kd7
54. Kg2 Ke8 55. Kh3 e3 56. Kg2 Kd7 57. Kf3 Ke8 58. Nxe3 Nxd6 59. Nd5 Nf5 60. Kg4
Nxe7 61. Nxe7 Kxe7 62. Kxh4 Kf6 63. Kg4 Kg6 64. h4 Kh7 65. h5 Kg8 66. Kg5 {Game
drawn by mutual agreement} 1/2-1/2

[Event "Team 45 45 League T71"]
[Site "Internet Chess Club"]
[Date "2017.01.09"]
[Round "4"]
[White "backrankbrawler"]
[Black "LinceHispano44"]
[Result "1-0"]
[WhiteElo "1775"]
[BlackElo "1780"]
[Opening "Queen's pawn game"]
[ECO "D04"]
[Time "10:00:35"]
[TimeControl "2700+45"]

1. d4 d5 2. Nf3 Nf6 3. e3 Bg4 4. h3 Bh5 5. g4 Bg6 6. Ne5 e6 7. h4 h6 8. Nxg6
fxg6 9. Bd3 Ne4 10. Qf3 g5 11. Bxe4 dxe4 12. Qxe4 gxh4 13. Qxe6+ Qe7 14. Qc8+
Qd8 15. Qxb7 Nd7 16. Qe4+ Kf7 17. Qd5+ Ke8 18. Nd2 Bd6 19. Nc4 Nf6 20. Nxd6+
cxd6 21. Qe6+ Kf8 22. Rxh4 Qa5+ 23. c3 d5 24. g5 Ne4 25. Rf4+ {Black resigns}
1-0

[Event "Team 45 45 League T71"]
[Site "Internet Chess Club"]
[Date "2017.01.05"]
[Round "4"]
[White "Rhel"]
[Black "kaiclc"]
[Result "1-0"]
[WhiteElo "1717"]
[BlackElo "1307"]
[Opening "QGD: Neo-orthodox variation, 7.Bh4"]
[ECO "D56"]
[Time "17:00:22"]
[TimeControl "2700+45"]

1. d4 Nf6 2. c4 e6 3. Nf3 d5 4. Nc3 Be7 5. Bg5 O-O 6. e3 h6 7. Bh4 Nbd7 8. Rc1
b6 9. cxd5 exd5 10. Bd3 Bb7 11. O-O c5 12. Qc2 Re8 13. Rfd1 Ne4 14. Bxe7 Qxe7
15. Bb5 Ndf6 16. Bxe8 Rxe8 17. Nxe4 Nxe4 18. Ne5 f6 19. Ng6 Qf7 20. Nf4 c4 21.
Qa4 Qe7 22. Ng6 Qc7 23. Qxe8+ {Black resigns} 1-0

[Event "Team 45 45 League T71"]
[Site "Internet Chess Club"]
[Date "2017.01.06"]
[Round "4"]
[White "cayo89"]
[Black "KidRattler"]
[Result "1-0"]
[WhiteElo "1649"]
[BlackElo "1585"]
[Opening "Queen's pawn game"]
[ECO "A46"]
[Time "14:00:50"]
[TimeControl "2700+45"]

1. d4 Nf6 2. Nf3 e6 3. Bf4 c5 4. e3 d5 5. Bd3 Nc6 6. c3 Qb6 7. Qb3 Bd7 8. h3 Na5
9. Qxb6 axb6 10. Nbd2 c4 11. Bc2 b5 12. O-O b4 13. Ne5 Nc6 14. e4 bxc3 15. bxc3
Nxe5 16. Bxe5 Nxe4 17. Nxe4 dxe4 18. Bxe4 Bc6 19. Bxc6+ bxc6 20. Rfb1 f6 21. Bg3
Be7 22. Rb7 Kf7 23. Bd6 Rhe8 24. a4 Kf8 25. Bxe7+ Rxe7 26. Rb4 Rea7 27. Rxc4 Kf7
28. Kf1 Kg6 29. Rxc6 Rxa4 30. Rxa4 Rxa4 31. Rxe6 Rc4 32. Re3 Kf5 33. Ke2 g5 34.
Kd3 Ra4 35. d5 Ra2 36. Re2 Ra1 37. Kd4 h5 38. c4 Rd1+ 39. Kc5 g4 40. hxg4+ Kxg4
41. Kc6 f5 42. d6 f4 43. d7 h4 44. Kc7 h3 45. gxh3+ Kf3 46. Rc2 Kg2 47. h4 f3
48. h5 Kf1 49. h6 Rd4 50. d8=Q Rg4 51. Qf6 Kg2 52. Qg7 Rxg7+ 53. hxg7 Kf1 54.
g8=Q Ke1 55. Qg1# {Black checkmated} 1-0